 Dungeon Crawl Stone Soup version 0.27-a0-1200-g94dc6ad4cf (console) character file.

Game seed: 9844358770409990125

962 Morrissey the Covert (level 7, 0/35 HPs)
             Began as a Spriggan Delver on June 1, 2021.
             Was a Priest of Okawaru.
             Slain by an orc
             ... wielding a +0 trident
              (2 damage)
             ... on level 6 of the Dungeon.
             The game lasted 00:15:52 (8154 turns).

Morrissey the Covert (Spriggan Delver)              Turns: 8154, Time: 00:15:53

Health: 0/35       AC:  3    Str:  8    XL:     7   Next: 92%
Magic:  8/8        EV: 20    Int: 12    God:    Okawaru [***...]
Gold:   258        SH:  5    Dex: 18    Spells: 6/6 levels left

rFire    . . .     SeeInvis +   b - +0 short sword
rCold    . . .     Faith    .   (shield restricted)
rNeg     . . .     Spirit   .   i - +0 robe
rPois    +         Reflect  +   (helmet restricted)
rElec    .         Harm     .   u - +0 cloak
rCorr    .         Rampage  .   (gloves unavailable)
Will     +....                  (boots unavailable)
Stlth    +++++.....             j - amulet of reflection
HPRegen  0.11/turn              p - ring of poison resistance
MPRegen  0.11/turn              (no ring)

@: very quick
A: very small, no large weapons, unfitting armour, see invisible, speed 3
a: Renounce Religion, Heroism


You were on level 6 of the Dungeon.
You worshipped Okawaru.
Okawaru was most pleased with you.
You visited 2 branches of the dungeon, and saw 8 of its levels.

You collected 258 gold pieces.

Inventory:

Hand Weapons
 a - a +0 dagger
 b - a +0 short sword (weapon)
Missiles
 s - 3 boomerangs of dispersal (quivered)
Armour
 i - a +0 robe (worn)
 u - a +0 cloak (worn)
Jewellery
 e - an amulet of regeneration
 j - an amulet of reflection (around neck)
 p - a ring of poison resistance (left hand)
Wands
 g - a wand of digging (3)
Scrolls
 c - a scroll of fog
 d - a scroll of magic mapping
 h - 2 scrolls of teleportation {unknown}
 k - a scroll of brand weapon {unknown}
 m - a scroll of fear
 n - a scroll of enchant weapon {unknown}
 o - 4 scrolls of identify {unknown}
 t - a scroll of acquirement {unknown}
 w - a scroll of summoning {unknown}
 x - a scroll of enchant armour {unknown}
 y - 3 scrolls of immolation {unknown}
Potions
 f - 2 potions of haste
 l - a potion of mutation {unknown}
 q - 2 potions of might {unknown}
 r - a potion of attraction {unknown}
 v - a potion of magic {unknown}


   Skills:
 - Level 2.4 Fighting
 * Level 7.0 Short Blades
 + Level 6.1 Dodging
 + Level 10.8 Stealth


You had 6 spell levels left.
You didn't know any spells.
Your spell library contained the following spells:

 Spells                   Type           Power      Damage    Failure   Level
 Summon Small Mammal      Summ           0%         N/A       32%         1
 Call Imp                 Summ           0%         N/A       45%         2
 Call Canine Familiar     Summ           0%         N/A       69%         3
 Summon Guardian Golem    Hex/Summ       0%         N/A       69%         3
 Summon Ice Beast         Ice/Summ       0%         N/A       97%         4
 Summon Lightning Spire   Summ/Air       0%         N/A       97%         4


Dungeon Overview and Level Annotations

Branches:
Dungeon (7/15)             Temple (1/1) D:5

Altars:
Ashenzari
Cheibriados
Dithmenos
Elyvilon
Fedhas
Gozag
Hepliaklqana
Kikubaaqudgha
Makhleb
Nemelex Xobeh
Okawaru
Qazlal
Ru
Sif Muna
Trog
Uskayaw
Vehumet
Wu Jian
Xom
Yredelemnul
Zin
The Shining One

Annotations:
D:4 Pikel
D:5 1 runed translucent door, 1 exclusion, celly00's ghost, amateur PaCK
D:7 Joseph


Innate Abilities, Weirdness & Mutations

You are very small and have problems with some larger weapons.
You are too small for most types of armour.
You have supernaturally acute eyesight. (SInv)
You cover ground extremely quickly. (Speed+++)


Message History

You are too injured to fight recklessly!
You are too injured to fight recklessly!
You are too injured to fight recklessly!
You are too injured to fight recklessly!
You are too injured to fight recklessly!
You are too injured to fight recklessly!
You are too injured to fight recklessly!
You are too injured to fight recklessly!
You are too injured to fight recklessly!
You are too injured to fight recklessly!
You hit the orc.
The orc is moderately wounded.
The orc hits you from afar with a +0 trident!
* * * LOW HITPOINT WARNING * * *
You hit the orc but do no damage.
The orc is moderately wounded.
The orc misses you.
You closely miss the orc.
The orc is moderately wounded.
You block the orc's attack. x2
You hit the orc but do no damage.
The orc is moderately wounded.
The orc hits you but does no damage. The orc hits you with a +0 falchion.
* * * LOW HITPOINT WARNING * * *
You hit the orc but do no damage.
The orc is moderately wounded.
The orc completely misses you. x2
You closely miss the orc.
The orc is moderately wounded.
The orc closely misses you.
You hit the orc but do no damage.
The orc is moderately wounded.
The orc hits you but does no damage.
You hit the orc.
The orc is heavily wounded.
The orc misses you. The orc barely misses you.
You closely miss the orc.
The orc is heavily wounded.
The orc hits you from afar with a +0 trident.
You die...

####.........##........
##.............#....
#...###...##.......
######..###(..###.###.#
#.....................#
#.#.#...#.............#
#.......o..##)##..###oo
#....o..#####.##..# #.#
###...@.# #.....####.#
#.##### ##.....o.o.#
### ###########


You could see 2 orcs.

Vanquished Creatures
  A water moccasin (D:7)
  A sky beast (D:5)
  A necrophage (D:4)
  2 centaurs
  A scorpion (D:3)
  2 water moccasin skeletons
  3 hounds
  A bullfrog skeleton (D:4)
  3 iguanas
  A howler monkey skeleton (D:5)
  7 adders
  4 worms (D:3)
  A dart slug (D:2)
  15 orcs
  8 ball pythons
  9 bats
  3 endoplasms
  A goblin (D:3)
  4 hobgoblins
  4 jackals (D:5)
  3 kobolds
  5 quokkas
  3 frilled lizards
  4 rats
87 creatures vanquished.

Notes
Turn   | Place    | Note
-------+----------+-------------------------------------------
     0 | D:5      | Morrissey the Spriggan Delver began the quest for the Orb.
     0 | D:5      | Reached XP level 1. HP: 11/11 MP: 2/2
     0 | D:5      | Found a staircase to the Ecumenical Temple.
     5 | Temple   | Entered the Ecumenical Temple
   110 | Temple   | Became a worshipper of Warmaster Okawaru
   154 | D:6      | Noticed a howler monkey
   219 | D:6      | Noticed a sky beast
   247 | D:7      | Noticed a water moccasin
   266 | D:7      | Killed a water moccasin
   266 | D:7      | Reached * piety under Okawaru
   266 | D:7      | Reached ** piety under Okawaru
   267 | D:7      | Reached skill level 8 in Stealth
   267 | D:7      | Reached XP level 2. HP: 16/16 MP: 3/3
   267 | D:7      | Reached XP level 3. HP: 19/19 MP: 4/4
   267 | D:7      | Reached XP level 4. HP: 23/23 MP: 5/5
   307 | D:7      | Noticed Joseph
   853 | D:5      | Found a runed translucent door.
   859 | D:5      | Noticed celly00's ghost (amateur PaCK)
   915 | D:5      | Reached XP level 5. HP: 27/27 MP: 6/6
   988 | D:3      | Found a glowing silver altar of Zin.
  1008 | D:1      | Found a faded altar of an unknown god.
  1901 | D:2      | Reached skill level 9 in Stealth
  3908 | D:3      | Found a burning altar of Makhleb.
  3921 | D:3      | Found a radiant altar of Vehumet.
  3949 | D:3      | Reached XP level 6. HP: 32/32 MP: 7/7
  4128 | D:3      | Found a broken altar of Ashenzari.
  4597 | D:4      | Reached skill level 5 in Short Blades
  4866 | D:4      | Noticed Pikel
  4952 | D:3      | Reached *** piety under Okawaru
  4984 | D:3      | Found a white marble altar of Elyvilon.
  5596 | D:3      | Reached skill level 10 in Stealth
  5845 | D:3      | Found a sparkling altar of Nemelex Xobeh.
  5850 | D:3      | Found a basalt altar of Yredelemnul.
  6306 | D:5      | Reached skill level 5 in Dodging
  6306 | D:5      | Reached XP level 7. HP: 35/35 MP: 8/8
  6673 | D:5      | Noticed a wyvern
  8154 | D:6      | Slain by an orc

Illustrated notes

Levels and vault maps discovered:
D:1:      lightli_arrival_boilingwater, layout_basic, basic_ecumenical_altar,
          minmay_3d_cube
D:2:      layout_basic
D:3:      layout_loops_cross, nicolae_overflow_quartered_altars,
          minmay_overflow_temple_star_quad, minmay_checkerbox
D:4:      layout_gridville, uniq_pikel
D:5:      layout_basic, minmay_temple_entry_from_below_a, enter_ossuary_2,
          ebering_ghost_reflecting_pool, guppyfry_early_orc_mine
D:6:      layout_basic, uniq_maggie
D:7:      layout_loops_corners, gammafunk_ghost_necromancy, minivault_4,
          uniq_joseph
Temple:   eino_wide_crystal_templ

Skill      XL: |  1  2  3  4  5  6  7 |
---------------+----------------------+-----
Short Blades   | 3 4 5 7 |  7.0
Dodging        | 3 4 5 6 |  6.1
Stealth        | 8 9 10 | 10.8
Fighting       | |  2.4

Action                   |  1- 3 |  4- 6 |  7- 9 || total
-------------------------+-------+-------+-------++-------
Melee: Short sword       |     5 |    41 |    90 ||   136
       Dagger            |       |   667 |    90 ||   757
Throw: Throwing net      |       |       |     2 ||     2
  Use: Potion            |     1 |     1 |       ||     2
       Scroll            |     1 |       |       ||     1
 Stab: Sleeping          |     1 |    33 |     3 ||    37
       Fleeing           |     1 |       |       ||     1
       Distracted        |       |       |     1 ||     1
Armor: Robe              |     1 |    33 |    25 ||    59
Dodge: Dodged            |     8 |   357 |   137 ||   502
Block: Other             |       |   111 |    41 ||   152

Table legend: (Time is in decaauts)
 A = Elapsed time spent in this place.
 B = Non-inter-level travel time spent in this place.
 C = Inter-level travel time spent in this place.
 D = Time resting spent in this place.
 E = Time spent auto-exploring this place.
 F = Levels seen in this place.
 G = Mean time per level.
                   A        B        C        D        E       F      G
               +--------+--------+--------+--------+--------+-----+--------+
         Total |   6576 |   6431 |    145 |   3173 |   1689 |   8 |  822.0 |
       Dungeon |   6502 |   6357 |    145 |   3173 |   1658 |   7 |  928.9 |
        Temple |     74 |     74 |      0 |      0 |     31 |   1 |   74.0 |
               +--------+--------+--------+--------+--------+-----+--------+

Top non-repeatable levels by time:
     D:3: 2278 daAuts
     D:5: 2026 daAuts
     D:2: 781 daAuts
     D:4: 512 daAuts
     D:1: 469 daAuts
     D:6: 386 daAuts
  Temple: 74 daAuts
     D:7: 47 daAuts
